Rocket vs Crunch

Created - March 25, 2022 at 21:34

Goals
1 2 3 OT1 SO T
Rocket 2 2 2 0 4 7
Crunch 0 5 1 0 3 6
Shots
1 2 3 OT1 SO T
Rocket 11 9 16 1 5 37
Crunch 6 18 5 1 5 30

1st period

1. Rocket , Adrian Kempe 18 (Dean Kukan 7) at 7:12
2. Rocket , Brandon Pirri 14 (Mattias Tedenby 22, Dylan DeMelo 10) at 17:06 (PP)

Penalties :
Mitch Callahan (Syr) for Roughing (Minor) at 12:05, Anthony Cirelli (Syr) for Diving (Minor) at 16:05

2nd period

3. Rocket , Jakub Vrana 5 (Andrei Mironov 10, Kole Sherwood 5) at 7:36
4. Crunch , Michael Ferland 3 (Dylan Strome 9, Jordan Oesterle 15) at 11:42 (PP)
5. Crunch , Brock Boeser 21 (Teemu Hartikainen 21, Christoffer Ehn 12) at 16:01
6. Crunch , Brock Boeser 22 (Teemu Hartikainen 22, Jordan Oesterle 16) at 19:19 (SH)
7. Rocket , Danton Heinen 24 (Adrian Kempe 33) at 19:31 (PP)
8. Crunch , Brock Boeser 23 (Noah Hanifin 27, Christoffer Ehn 13) at 19:35
9. Crunch , Jordan Oesterle 6 (Teemu Hartikainen 23, Christoffer Ehn 14) at 19:55 (PP)

Penalties :
Brock Boeser (Syr) for Hooking (Minor) at 0:17, Karson Kuhlman (Lav) for Holding (Minor) at 10:44, Mitch Callahan (Syr) for Boarding (Minor) at 18:02, Viktor Loov (Lav) for Holding (Minor) at 19:51

3rd period

10. Rocket , Corey Trivino 20 (Andrei Mironov 11) at 5:16
11. Crunch , Teemu Hartikainen 24 (Christoffer Ehn 15) at 5:29 (PP)
12. Rocket , Mattias Tedenby 27 (Peter Holland 20) at 12:34 (PP)

Penalties :
Dean Kukan (Lav) for Hooking (Minor) at 1:13, Brandon Pirri (Lav) for Roughing (Minor) at 5:25, Mitch Callahan (Syr) for Holding (Minor) at 10:58, Ty Rattie (Lav) for Slashing (Minor) at 14:33, Kole Sherwood (Lav) for Interference (Minor) at 18:30

Overtime #1

No Goal

Penalties :
No Penalty

Shootout

Rocket, Corey Trivino - Goal!
Crunch, Teemu Hartikainen - Goal!
Rocket, Mattias Tedenby - Shot Misses the Net
Crunch, Brock Boeser - Stopped by Igor Shesterkin
Rocket, Brandon Pirri - Goal!
Crunch, Christoffer Ehn - Goal!
Rocket, Adrian Kempe - Goal!
Crunch, Michael Ferland - Goal!
Rocket, Danton Heinen - Goal!
Crunch, Jordan Oesterle - Shot Misses the Net

Penalties :
No Penalty

Goalie Stats

Igor Shesterkin (Lav), 24 saves from 30 shots - (0.800), W, 18-9-1, 65:00 minutes
Kaapo Kahkonen (Syr), 31 saves from 37 shots - (0.838), OTL, 11-13-5, 65:00 minutes

Players Stats for Rocket

Player Name              G  A  P  +/- PIM S  H  SB GA TA FO     MP     PP MP  PK MP  
------------------------------------------------------------------------------------
Adam Fox                 0  0  0  -2  0   1  1  0  0  3  0/0    26:17   5:42   2:16 
Adrian Kempe             1  1  2   1  0   3  1  0  0  0  0/1    19:42   5:01   0:54 
Andrei Mironov           0  2  2   2  0   2  0  0  0  0  0/0    21:03   0:00   4:17 
Andrey Pedan             0  0  0   0  0   0  1  0  0  0  0/0    15:46   2:22   0:00 
Brandon Pirri            1  0  1  -1  2   4  1  0  0  0  1/2    20:38   3:03   0:44 
Corey Trivino            1  0  1   0  0   5  1  0  0  0  20/34  23:46   5:01   0:53 
Danton Heinen            1  0  1   1  0   4  3  0  0  0  0/0    18:32   5:01   0:00 
Dean Kukan               0  1  1   1  2   0  2  0  0  1  0/0    13:08   0:00   0:30 
Dominic Turgeon          0  0  0  -1  0   1  2  0  0  0  7/15   16:04   0:00   4:55 
Dylan DeMelo             0  1  1   1  0   0  1  3  0  0  0/0    25:34   2:22   4:17 
Jakub Vrana              1  0  1   1  0   3  4  0  0  0  0/1     8:59   0:00   0:23 
Jiri Sekac               0  0  0  -1  0   3  0  0  1  0  0/0    11:19   0:00   0:59 
Karson Kuhlman           0  0  0   1  2   1  1  0  1  0  0/2     7:24   0:00   0:52 
Kole Sherwood            0  1  1   1  2   0  2  0  0  0  0/0     6:33   0:00   0:00 
Mattias Tedenby          1  1  2  -1  0   5  2  1  1  2  0/0    20:22   3:03   0:00 
Peter Holland            0  1  1   0  0   2  1  1  1  0  7/16   15:41   3:03   0:23 
Ty Rattie                0  0  0  -1  2   2  0  1  0  0  0/1    13:53   0:00   3:33 
Viktor Loov              0  0  0  -2  2   1  1  2  0  1  0/0    28:10   5:42   2:46 

Players Stats for Crunch

Player Name              G  A  P  +/- PIM S  H  SB GA TA FO     MP     PP MP  PK MP  
------------------------------------------------------------------------------------
Anatoli Golyshev         0  0  0  -1  0   1  0  0  0  0  2/2    12:33   0:00   2:35 
Anthony Cirelli          0  0  0   0  2   2  0  0  0  1  0/2    11:13   0:38   0:44 
Brendan Guhle            0  0  0  -1  0   2  0  0  0  0  0/0    23:18   2:13   3:30 
Brock Boeser             3  0  3   2  2   4  0  0  0  0  1/1    25:26   3:34   3:50 
Christoffer Ehn          0  4  4   0  0   4  1  1  1  0  13/39  22:51   3:30   2:30 
Connor Bunnaman          0  0  0  -1  0   0  0  0  0  0  1/1     9:53   0:28   0:00 
Dalton Smith             0  0  0  -1  0   2  3  0  1  0  3/5    19:46   2:20   0:59 
Dylan Strome             0  1  1   0  0   3  0  0  0  1  7/8     8:12   0:38   0:00 
Jacob Larsson            0  0  0   0  0   0  0  0  0  0  0/0     3:11   0:00   0:00 
Jeremy Lauzon            0  0  0  -1  0   0  0  1  0  0  0/0    10:47   0:00   0:00 
Jordan Oesterle          1  2  3   2  0   1  2  0  1  0  0/0    31:06   4:20   4:34 
Matt Roy                 0  0  0  -1  0   0  1  3  0  0  0/0    23:18   2:13   3:30 
Max McCormick            0  0  0  -1  0   0  2  0  0  1  0/0     7:13   0:43   0:00 
Michael Ferland          1  0  1   0  0   3  0  0  0  0  1/1    18:36   3:10   0:41 
Mitch Callahan           0  0  0  -1  6   3  3  0  1  0  1/1    17:09   1:57   0:00 
Noah Hanifin             0  1  1   2  0   1  1  0  2  1  0/0    27:58   4:20   4:34 
Sean Walker              0  0  0  -1  0   0  0  0  0  0  0/0    10:36   0:00   0:00 
Teemu Hartikainen        1  3  4   2  0   4  4  0  1  0  8/12   28:45   2:41   4:49 

3 Stars

1 - Teemu Hartikainen (Syr)
2 - Brock Boeser (Syr)
3 - Jordan Oesterle (Syr)

Power Play

Rocket - 3 on 5 Attempt(s) - 60.00%
Crunch - 3 on 6 Attempt(s) - 50.00%

Penalty Kill

Rocket - 3 on 6 Attempt(s) - 50.00% - Score 0 goal in Penalty Kill
Crunch - 2 on 5 Attempt(s) - 40.00% - Score 1 goal in Penalty Kill

Team Stat

Rocket - Hits : 24 - Faceoff Wins : 35 - Blocked Shots : 8 - Penalty Minutes : 12
Crunch - Hits : 17 - Faceoff Wins : 37 - Blocked Shots : 5 - Penalty Minutes : 10

Official

Referees : Furman South and Kyle Rehman
Linesman : Bevan Mills and Ryan Galloway

Game Notes

Dylan Strome is injured at 12:01 of 2nd period (Bruised Left Leg)
Anthony Cirelli is injured at 18:31 of 2nd period (Fractured Bone in Left Hand)
Brock Boeser has scored a Hat Trick!

Finance

Level 1 -- Attendance: 1908 (95.40%) -- Ticket Income $66,780
Level 2 -- Attendance: 853 (85.30%) -- Ticket Income $12,795
Total Attendance: 2761 (92.03%)
Total Ticket Income: $79,575
Other Income: $3,979
Total Income: $83,554

Rocket

5 vs 5 Forward 
   Center                   Left Wing                Right Wing               Time % Phy DF OF 
 1 Corey Trivino            Brandon Pirri            Mattias Tedenby          40     0   1  4  
 2 Peter Holland            Adrian Kempe             Danton Heinen            30     0   1  4  
 3 Dominic Turgeon          Jiri Sekac               Ty Rattie                20     0   2  3  
 4 Karson Kuhlman           Jakub Vrana              Kole Sherwood            10     0   2  3  

5 vs 5 Defense 
   Defense                  Defense                                           Time % Phy DF OF 
 1 Viktor Loov              Adam Fox                                          40     1   2  2  
 2 Dylan DeMelo             Andrei Mironov                                    30     1   2  2  
 3 Dean Kukan               Andrey Pedan                                      20     1   2  2  
 4 Andrei Mironov           Dylan DeMelo                                      10     1   2  2  

PowerPlay Forward 
   Center                   Left Wing                Right Wing               Time % Phy DF OF 
 1 Corey Trivino            Adrian Kempe             Danton Heinen            60     1   2  2  
 2 Peter Holland            Brandon Pirri            Mattias Tedenby          40     1   2  2  

PowerPlay Defense
   Defense                  Defense                                           Time % Phy DF OF 
 1 Viktor Loov              Adam Fox                                          60     1   2  2  
 2 Dylan DeMelo             Andrey Pedan                                      40     1   2  2  

Penalty Kill 4 Players Forward 
   Center                   Wing                     Time % Phy DF OF 
 1 Dominic Turgeon          Ty Rattie                60     1   2  2  
 2 Karson Kuhlman           Jiri Sekac               40     1   2  2  

Penalty Kill 4 Players Defense
   Defense                  Defense                  Time % Phy DF OF 
 1 Andrei Mironov           Dylan DeMelo             60     1   2  2  
 2 Viktor Loov              Adam Fox                 40     1   2  2  

Penalty Kill - 3 Players Forward 
   Forward                                           Time % Phy DF OF 
 1 Dominic Turgeon                                   60     1   2  2  
 2 Peter Holland                                     40     1   2  2  

Penalty Kill - 3 Players Defense
   Defense                  Defense                  Time % Phy DF OF 
 1 Viktor Loov              Dean Kukan               60     1   2  2  
 2 Dylan DeMelo             Andrey Pedan             40     1   2  2  

4 vs 4 Forward 
   Center                   Wing                     Time % Phy DF OF 
 1 Corey Trivino            Jakub Vrana              60     1   2  2  
 2 Brandon Pirri            Adrian Kempe             40     1   2  2  

4 vs 4 Defense
   Defense                  Defense                  Time % Phy DF OF 
 1 Viktor Loov              Dean Kukan               60     1   2  2  
 2 Dylan DeMelo             Andrey Pedan             40     1   2  2  

Last Minutes Offensive
   Center                   Left Wing                Right Wing               Defense                  Defense                  
   Corey Trivino            Brandon Pirri            Mattias Tedenby          Viktor Loov              Dean Kukan               

Last Minutes Defensive
   Center                   Left Wing                Right Wing               Defense                  Defense                  
   Corey Trivino            Brandon Pirri            Mattias Tedenby          Viktor Loov              Dean Kukan               

Goaltenders
Starting : Igor Shesterkin          
Backup : Jean-Francois Berube     

Extra Forwards
Normal : Danton Heinen, Adrian Kempe, Mattias Tedenby - PP : Danton Heinen, Adrian Kempe - PK : Dominic Turgeon
Extra Defensemen
Normal : Andrei Mironov, Adam Fox, Dylan DeMelo - PP : Viktor Loov - PK : Andrei Mironov, Dylan DeMelo
Penalty Shots
Corey Trivino, Mattias Tedenby, Brandon Pirri, Adrian Kempe, Danton Heinen

Scratches
Daniel Sprong (Healthy), Guillaume Brisebois (Healthy), Jack Glover (Healthy), Mason Appleton (Healthy), Ryan Collins (Healthy)
Sergey Tolchinsky (Healthy), Tyler Lewington (Healthy), Luke Kunin (Healthy), Mikhail Maltsev (Healthy), Blake Hillman (Healthy)

Crunch

5 vs 5 Forward 
   Center                   Left Wing                Right Wing               Time % Phy DF OF 
 1 Christoffer Ehn          Teemu Hartikainen        Brock Boeser             40     1   2  2  
 2 Dylan Strome             Michael Ferland          Anthony Cirelli          30     1   2  2  
 3 Connor Bunnaman          Dalton Smith             Mitch Callahan           20     1   2  2  
 4 Teemu Hartikainen        Anatoli Golyshev         Max McCormick            10     1   2  2  

5 vs 5 Defense 
   Defense                  Defense                                           Time % Phy DF OF 
 1 Jordan Oesterle          Noah Hanifin                                      40     1   2  2  
 2 Brendan Guhle            Matt Roy                                          30     1   2  2  
 3 Jeremy Lauzon            Sean Walker                                       20     1   2  2  
 4 Jacob Larsson            Jordan Oesterle                                   10     1   2  2  

PowerPlay Forward 
   Center                   Left Wing                Right Wing               Time % Phy DF OF 
 1 Christoffer Ehn          Teemu Hartikainen        Brock Boeser             60     1   2  2  
 2 Dylan Strome             Michael Ferland          Anthony Cirelli          40     1   2  2  

PowerPlay Defense
   Defense                  Defense                                           Time % Phy DF OF 
 1 Jordan Oesterle          Noah Hanifin                                      60     1   2  2  
 2 Brendan Guhle            Matt Roy                                          40     1   2  2  

Penalty Kill 4 Players Forward 
   Center                   Wing                     Time % Phy DF OF 
 1 Teemu Hartikainen        Brock Boeser             60     1   2  2  
 2 Christoffer Ehn          Anthony Cirelli          40     1   2  2  

Penalty Kill 4 Players Defense
   Defense                  Defense                  Time % Phy DF OF 
 1 Jordan Oesterle          Noah Hanifin             60     1   2  2  
 2 Brendan Guhle            Matt Roy                 40     1   2  2  

Penalty Kill - 3 Players Forward 
   Forward                                           Time % Phy DF OF 
 1 Teemu Hartikainen                                 60     1   2  2  
 2 Brock Boeser                                      40     1   2  2  

Penalty Kill - 3 Players Defense
   Defense                  Defense                  Time % Phy DF OF 
 1 Jordan Oesterle          Noah Hanifin             60     1   2  2  
 2 Brendan Guhle            Matt Roy                 40     1   2  2  

4 vs 4 Forward 
   Center                   Wing                     Time % Phy DF OF 
 1 Teemu Hartikainen        Brock Boeser             60     1   2  2  
 2 Christoffer Ehn          Anthony Cirelli          40     1   2  2  

4 vs 4 Defense
   Defense                  Defense                  Time % Phy DF OF 
 1 Jordan Oesterle          Noah Hanifin             60     1   2  2  
 2 Brendan Guhle            Matt Roy                 40     1   2  2  

Last Minutes Offensive
   Center                   Left Wing                Right Wing               Defense                  Defense                  
   Christoffer Ehn          Teemu Hartikainen        Brock Boeser             Jordan Oesterle          Noah Hanifin             

Last Minutes Defensive
   Center                   Left Wing                Right Wing               Defense                  Defense                  
   Christoffer Ehn          Teemu Hartikainen        Brock Boeser             Jordan Oesterle          Noah Hanifin             

Goaltenders
Starting : Kaapo Kahkonen           
Backup : Josef Korenar            

Extra Forwards
Normal : Dalton Smith, Mitch Callahan, Anatoli Golyshev - PP : Dalton Smith, Mitch Callahan - PK : Anatoli Golyshev
Extra Defensemen
Normal : Jeremy Lauzon, Sean Walker, Jacob Larsson - PP : Jeremy Lauzon - PK : Sean Walker, Jacob Larsson
Penalty Shots
Teemu Hartikainen, Brock Boeser, Christoffer Ehn, Anthony Cirelli, Michael Ferland

Scratches
Charles-Olivier Roussel (Healthy), Jared Staal (Healthy), Jayson Megna (Torn Left ACL Injury), Kyle Capobianco (Healthy), Michael Downing (Healthy)

% Time on Ice - Rocket

Lines # - Real PCT - Wanted PCT - Time Play
Normal Forward
1 - 35% - 40% - 15:43
2 - 28% - 30% - 12:47
3 - 23% - 20% - 10:20
4 - 14% - 10% - 6:33
Normal Defense
1 - 40% - 40% - 18:18
2 - 30% - 30% - 13:46
3 - 24% - 20% - 10:48
4 - 6% - 10% - 2:31
PP Forward
1 - 62% - 60% - 5:01
2 - 38% - 40% - 3:03
PP Defense
1 - 71% - 60% - 5:42
2 - 29% - 40% - 2:22
PK Forward
1 - 85% - 60% - 5:34
2 - 15% - 40% - 0:59
PK Defense
1 - 65% - 60% - 4:17
2 - 35% - 40% - 2:16
PK3 Forward
1 - 100% - 60% - 0:30
2 - 0% - 40% - 0:00
PK3 Defense
1 - 100% - 60% - 0:30
2 - 0% - 40% - 0:00
44 Forward
1 - 89% - 60% - 4:01
2 - 11% - 40% - 0:29
44 Defense
1 - 51% - 60% - 2:18
2 - 49% - 40% - 2:12
Last Minute Offensive  - 0:00
Last Minute Defensive  - 0:00
Total
Forward - 65:00
Defense - 65:00

% Time on Ice - Crunch

Lines # - Real PCT - Wanted PCT - Time Play
Normal Forward
1 - 31% - 40% - 13:51
2 - 36% - 30% - 16:23
3 - 20% - 20% - 9:03
4 - 13% - 10% - 6:06
Normal Defense
1 - 37% - 40% - 16:43
2 - 34% - 30% - 15:18
3 - 23% - 20% - 10:14
4 - 7% - 10% - 3:08
PP Forward
1 - 37% - 60% - 2:27
2 - 63% - 40% - 4:06
PP Defense
1 - 66% - 60% - 4:20
2 - 34% - 40% - 2:13
PK Forward
1 - 74% - 60% - 6:00
2 - 26% - 40% - 2:04
PK Defense
1 - 57% - 60% - 4:34
2 - 43% - 40% - 3:30
PK3 Forward
1 - 0% - 60%
2 - 0% - 40%
PK3 Defense
1 - 0% - 60%
2 - 0% - 40%
44 Forward
1 - 80% - 60% - 3:59
2 - 20% - 40% - 1:01
44 Defense
1 - 50% - 60% - 2:31
2 - 50% - 40% - 2:29
Last Minute Offensive  - 0:00
Last Minute Defensive  - 0:00
Total
Forward - 65:00
Defense - 65:00

Play-by-Play

1st period


0:01 of 1st period - Brandon Pirri wins face-off versus Christoffer Ehn in neutral zone.
0:03 of 1st period - Off-side.
0:04 of 1st period - Corey Trivino wins face-off versus Christoffer Ehn in neutral zone.
0:15 of 1st period - Wrist shot by Mattias Tedenby.
0:15 of 1st period - Stopped by Kaapo Kahkonen with a rebound.
2:21 of 1st period - Snap shot by Jakub Vrana.
2:21 of 1st period - Stopped by Kaapo Kahkonen without a rebound.
2:22 of 1st period - Dylan Strome wins face-off versus Karson Kuhlman in Crunch zone.
3:07 of 1st period - Dylan DeMelo is hit by Teemu Hartikainen and loses puck.
3:52 of 1st period - Wrist shot by Teemu Hartikainen.
3:52 of 1st period - Shot Misses the Net.
3:58 of 1st period - Wrist shot by Brandon Pirri.
3:58 of 1st period - Shot Misses the Net.
4:00 of 1st period - Snap shot by Mattias Tedenby.
4:00 of 1st period - Shot Misses the Net.
4:02 of 1st period - Snap shot by Brandon Pirri.
4:02 of 1st period - Shot Misses the Net.
4:14 of 1st period - Snap shot by Christoffer Ehn.
4:14 of 1st period - Shot Misses the Net.
4:18 of 1st period - Snap shot by Brock Boeser.
4:18 of 1st period - Shot Misses the Net.
5:42 of 1st period - Wrist shot by Brock Boeser.
5:42 of 1st period - Deflect By Mitch Callahan.
5:42 of 1st period - Deflect By Brandon Pirri.
5:42 of 1st period - Shot Blocked by Mattias Tedenby.
5:42 of 1st period - Puck is out of play.
5:43 of 1st period - Peter Holland wins face-off versus Christoffer Ehn in Rocket zone.
6:37 of 1st period - Snap shot by Ty Rattie.
6:37 of 1st period - Stopped by Kaapo Kahkonen with a rebound.
6:49 of 1st period - Dalton Smith is hit by Karson Kuhlman and loses puck.
7:12 of 1st period - Snap shot by Adrian Kempe.
7:12 of 1st period - Goal by Adrian Kempe - Rocket : 1 - Crunch : 0.
7:13 of 1st period - Corey Trivino wins face-off versus Christoffer Ehn in neutral zone.
9:23 of 1st period - Adam Fox is hit by Dalton Smith.
10:09 of 1st period - Brock Boeser is hit by Jakub Vrana and loses puck.
10:16 of 1st period - Jeremy Lauzon is hit by Jakub Vrana and loses puck.
10:29 of 1st period - Wrist shot by Mitch Callahan.
10:29 of 1st period - Shot Blocked by Viktor Loov.
10:31 of 1st period - Slapshot by Dalton Smith.
10:31 of 1st period - Deflect By Mitch Callahan.
10:31 of 1st period - Shot Misses the Net.
10:31 of 1st period - Puck is out of play.
10:32 of 1st period - Corey Trivino wins face-off versus Dalton Smith in Rocket zone.
10:48 of 1st period - Snap shot by Dalton Smith.
10:48 of 1st period - Shot Misses the Net.
10:50 of 1st period - Slapshot by Dalton Smith.
10:50 of 1st period - Stopped by Igor Shesterkin with a rebound.
10:52 of 1st period - Snap shot by Dalton Smith.
10:52 of 1st period - Shot Misses the Net.
10:54 of 1st period - Snap shot by Mitch Callahan.
10:54 of 1st period - Stopped by Igor Shesterkin without a rebound.
10:55 of 1st period - Peter Holland wins face-off versus Anthony Cirelli in Rocket zone.
11:59 of 1st period - Backhand shot by Corey Trivino.
11:59 of 1st period - Stopped by Kaapo Kahkonen with a rebound.
12:05 of 1st period - Minor Penalty to Mitch Callahan for Roughing.
12:06 of 1st period - Teemu Hartikainen wins face-off versus Adrian Kempe in Crunch zone.
13:04 of 1st period - Icing by Peter Holland.
13:05 of 1st period - Teemu Hartikainen wins face-off versus Peter Holland in Rocket zone.
14:05 of 1st period - Penalty to Mitch Callahan is over, Mitch Callahan is back on ice.
14:16 of 1st period - Slapshot by Mitch Callahan.
14:16 of 1st period - Shot Blocked by Dylan DeMelo.
14:18 of 1st period - Slapshot by Dalton Smith.
14:18 of 1st period - Shot Misses the Net.
14:20 of 1st period - Slapshot by Brendan Guhle.
14:20 of 1st period - Stopped by Igor Shesterkin without a rebound.
14:21 of 1st period - Dylan Strome wins face-off versus Dominic Turgeon in Rocket zone.
14:24 of 1st period - Wrist shot by Michael Ferland.
14:24 of 1st period - Stopped by Igor Shesterkin with a rebound.
14:30 of 1st period - Snap shot by Dylan Strome.
14:30 of 1st period - Stopped by Igor Shesterkin with a rebound.
15:29 of 1st period - Andrei Mironov is hit by Teemu Hartikainen and loses puck.
15:38 of 1st period - Dylan DeMelo is hit by Max McCormick.
15:56 of 1st period - Off-side.
15:57 of 1st period - Corey Trivino wins face-off versus Dylan Strome in neutral zone.
16:02 of 1st period - Snap shot by Mattias Tedenby.
16:02 of 1st period - Stopped by Kaapo Kahkonen without a rebound.
16:03 of 1st period - Dylan Strome wins face-off versus Corey Trivino in Crunch zone.
16:05 of 1st period - Minor Penalty to Anthony Cirelli for Diving.
16:06 of 1st period - Teemu Hartikainen wins face-off versus Corey Trivino in Crunch zone.
16:18 of 1st period - Snap shot by Corey Trivino.
16:18 of 1st period - Stopped by Kaapo Kahkonen with a rebound.
16:20 of 1st period - Slapshot by Adam Fox.
16:20 of 1st period - Shot Misses the Net.
16:22 of 1st period - Wrist shot by Danton Heinen.
16:22 of 1st period - Shot Misses the Net.
16:36 of 1st period - Off-side.
16:37 of 1st period - Corey Trivino wins face-off versus Christoffer Ehn in neutral zone.
16:46 of 1st period - Snap shot by Danton Heinen.
16:46 of 1st period - Stopped by Kaapo Kahkonen with a rebound.
17:06 of 1st period - Snap shot by Brandon Pirri.
17:06 of 1st period - Goal by Brandon Pirri - Rocket : 2 - Crunch : 0.
17:07 of 1st period - Corey Trivino wins face-off versus Christoffer Ehn in neutral zone.
18:01 of 1st period - Snap shot by Mitch Callahan.
18:01 of 1st period - Stopped by Igor Shesterkin without a rebound.
18:02 of 1st period - Corey Trivino wins face-off versus Christoffer Ehn in Rocket zone.
18:09 of 1st period - Wrist shot by Mattias Tedenby.
18:09 of 1st period - Shot Blocked by Matt Roy.
18:11 of 1st period - Wrist shot by Brandon Pirri.
18:11 of 1st period - Stopped by Kaapo Kahkonen with a rebound.
18:13 of 1st period - Snap shot by Adam Fox.
18:13 of 1st period - Deflect By Mattias Tedenby.
18:13 of 1st period - Shot Misses the Net.
18:13 of 1st period - Puck is out of play.
18:14 of 1st period - Corey Trivino wins face-off versus Christoffer Ehn in Crunch zone.
18:23 of 1st period - Snap shot by Corey Trivino.
18:23 of 1st period - Stopped by Kaapo Kahkonen without a rebound.
18:24 of 1st period - Christoffer Ehn wins face-off versus Corey Trivino in Crunch zone.
19:51 of 1st period - Snap shot by Brandon Pirri.
19:51 of 1st period - Shot Misses the Net.
Goals for this period are 2 for Rocket vs 0 for Crunch.
Shots for this period are 11 for Rocket vs 6 for Crunch.

2nd period


0:01 of 2nd period - Christoffer Ehn wins face-off versus Peter Holland in neutral zone.
0:04 of 2nd period - Snap shot by Christoffer Ehn.
0:04 of 2nd period - Stopped by Igor Shesterkin with a rebound.
0:17 of 2nd period - Minor Penalty to Brock Boeser for Hooking.
0:18 of 2nd period - Teemu Hartikainen wins face-off versus Corey Trivino in Crunch zone.
2:17 of 2nd period - Penalty to Brock Boeser is over, Brock Boeser is back on ice.
2:20 of 2nd period - Anthony Cirelli is hit by Andrey Pedan.
2:24 of 2nd period - Wrist shot by Christoffer Ehn.
2:24 of 2nd period - Stopped by Igor Shesterkin without a rebound.
2:25 of 2nd period - Dylan Strome wins face-off versus Dominic Turgeon in Rocket zone.
2:47 of 2nd period - Dalton Smith is hit by Jakub Vrana.
3:26 of 2nd period - Michael Ferland is hit by Corey Trivino and loses puck.
4:02 of 2nd period - Wrist shot by Christoffer Ehn.
4:02 of 2nd period - Stopped by Igor Shesterkin with a rebound.
4:32 of 2nd period - Snap shot by Anatoli Golyshev.
4:32 of 2nd period - Stopped by Igor Shesterkin without a rebound.
4:33 of 2nd period - Dylan Strome wins face-off versus Peter Holland in Rocket zone.
4:46 of 2nd period - Wrist shot by Danton Heinen.
4:46 of 2nd period - Shot Blocked by Matt Roy.
4:48 of 2nd period - Backhand shot by Viktor Loov.
4:48 of 2nd period - Stopped by Kaapo Kahkonen with a rebound.
5:41 of 2nd period - Snap shot by Michael Ferland.
5:41 of 2nd period - Stopped by Igor Shesterkin with a rebound.
6:35 of 2nd period - Snap shot by Ty Rattie.
6:35 of 2nd period - Deflect By Jiri Sekac.
6:35 of 2nd period - Stopped by Kaapo Kahkonen with a rebound.
7:30 of 2nd period - Snap shot by Karson Kuhlman.
7:30 of 2nd period - Stopped by Kaapo Kahkonen with a rebound.
7:32 of 2nd period - Wrist shot by Kole Sherwood.
7:32 of 2nd period - Shot Misses the Net.
7:34 of 2nd period - Snap shot by Jakub Vrana.
7:34 of 2nd period - Stopped by Kaapo Kahkonen with a rebound.
7:36 of 2nd period - Snap shot by Andrei Mironov.
7:36 of 2nd period - Deflect By Jakub Vrana.
7:36 of 2nd period - Goal by Jakub Vrana - Rocket : 3 - Crunch : 0.
7:37 of 2nd period - Michael Ferland wins face-off versus Corey Trivino in neutral zone.
8:04 of 2nd period - Viktor Loov is hit by Teemu Hartikainen and loses puck.
8:31 of 2nd period - Dean Kukan is hit by Mitch Callahan and loses puck.
8:46 of 2nd period - Wrist shot by Dylan Strome.
8:46 of 2nd period - Stopped by Igor Shesterkin with a rebound.
9:06 of 2nd period - Snap shot by Brandon Pirri.
9:06 of 2nd period - Shot Blocked by Jeremy Lauzon.
9:08 of 2nd period - Wrist shot by Brandon Pirri.
9:08 of 2nd period - Shot Misses the Net.
9:34 of 2nd period - Sean Walker is hit by Danton Heinen and loses puck.
10:13 of 2nd period - Wrist shot by Mitch Callahan.
10:13 of 2nd period - Shot Misses the Net.
10:15 of 2nd period - Slapshot by Connor Bunnaman.
10:15 of 2nd period - Shot Misses the Net.
10:27 of 2nd period - Slapshot by Corey Trivino.
10:27 of 2nd period - Stopped by Kaapo Kahkonen without a rebound.
10:28 of 2nd period - Dylan Strome wins face-off versus Jakub Vrana in Crunch zone.
10:28 of 2nd period - Dylan Strome is hit by Adam Fox.
10:44 of 2nd period - Minor Penalty to Karson Kuhlman for Holding.
10:45 of 2nd period - Dominic Turgeon wins face-off versus Christoffer Ehn in Rocket zone.
11:12 of 2nd period - Dominic Turgeon is hit by Jordan Oesterle.
11:24 of 2nd period - Michael Ferland is hit by Dylan DeMelo and loses puck.
11:40 of 2nd period - Snap shot by Dylan Strome.
11:40 of 2nd period - Stopped by Igor Shesterkin with a rebound.
11:42 of 2nd period - Slapshot by Michael Ferland.
11:42 of 2nd period - Goal by Michael Ferland - Rocket : 3 - Crunch : 1.
11:43 of 2nd period - Corey Trivino wins face-off versus Christoffer Ehn in neutral zone.
11:57 of 2nd period - Wrist shot by Mattias Tedenby.
11:57 of 2nd period - Stopped by Kaapo Kahkonen without a rebound.
11:58 of 2nd period - Peter Holland wins face-off versus Anthony Cirelli in Crunch zone.
11:59 of 2nd period - Wrist shot by Adrian Kempe.
11:59 of 2nd period - Deflect By Noah Hanifin.
11:59 of 2nd period - Shot Misses the Net.
11:59 of 2nd period - Puck is out of play.
12:00 of 2nd period - Dylan Strome wins face-off versus Peter Holland in Crunch zone.
12:00 of 2nd period - Dylan Strome is hit by Danton Heinen.
12:01 of 2nd period - Dylan Strome from Crunch is injured at 12:01 of 2nd period (Bruised Left Leg).
12:02 of 2nd period - Corey Trivino wins face-off versus Christoffer Ehn in Crunch zone.
12:27 of 2nd period - Danton Heinen is hit by Jordan Oesterle and loses puck.
14:14 of 2nd period - Christoffer Ehn is hit by Dominic Turgeon and loses puck.
14:51 of 2nd period - Wrist shot by Karson Kuhlman.
14:51 of 2nd period - Shot Misses the Net.
14:53 of 2nd period - Slapshot by Andrey Pedan.
14:53 of 2nd period - Shot Misses the Net.
15:02 of 2nd period - Icing by Brendan Guhle.
15:03 of 2nd period - Dalton Smith wins face-off versus Corey Trivino in Crunch zone.
15:45 of 2nd period - Snap shot by Anthony Cirelli.
15:45 of 2nd period - Stopped by Igor Shesterkin with a rebound.
15:47 of 2nd period - Snap shot by Michael Ferland.
15:47 of 2nd period - Deflect By Anthony Cirelli.
15:47 of 2nd period - Stopped by Igor Shesterkin with a rebound.
15:49 of 2nd period - Snap shot by Michael Ferland.
15:49 of 2nd period - Shot Misses the Net.
16:01 of 2nd period - Snap shot by Brock Boeser.
16:01 of 2nd period - Goal by Brock Boeser - Rocket : 3 - Crunch : 2.
16:02 of 2nd period - Christoffer Ehn wins face-off versus Corey Trivino in neutral zone.
16:40 of 2nd period - Snap shot by Danton Heinen.
16:40 of 2nd period - Shot Misses the Net.
16:56 of 2nd period - Wrist shot by Jiri Sekac.
16:56 of 2nd period - Stopped by Kaapo Kahkonen without a rebound.
16:57 of 2nd period - Christoffer Ehn wins face-off versus Corey Trivino in Crunch zone.
17:04 of 2nd period - Slapshot by Teemu Hartikainen.
17:04 of 2nd period - Stopped by Igor Shesterkin with a rebound.
17:22 of 2nd period - Jordan Oesterle is hit by Danton Heinen and loses puck.
17:47 of 2nd period - Snap shot by Teemu Hartikainen.
17:47 of 2nd period - Shot Blocked by Ty Rattie.
18:02 of 2nd period - Minor Penalty to Mitch Callahan for Boarding.
18:03 of 2nd period - Corey Trivino wins face-off versus Teemu Hartikainen in Crunch zone.
18:30 of 2nd period - Anthony Cirelli is hit by Brandon Pirri and loses puck.
18:31 of 2nd period - Anthony Cirelli from Crunch is injured at 18:31 of 2nd period (Fractured Bone in Left Hand).
18:32 of 2nd period - Corey Trivino wins face-off versus Teemu Hartikainen in Crunch zone.
18:33 of 2nd period - Snap shot by Adrian Kempe.
18:33 of 2nd period - Shot Misses the Net.
18:41 of 2nd period - Wrist shot by Corey Trivino.
18:41 of 2nd period - Shot Misses the Net.
19:09 of 2nd period - Wrist shot by Christoffer Ehn.
19:09 of 2nd period - Stopped by Igor Shesterkin without a rebound.
19:10 of 2nd period - Teemu Hartikainen wins face-off versus Peter Holland in Rocket zone.
19:11 of 2nd period - Wrist shot by Brock Boeser.
19:11 of 2nd period - Stopped by Igor Shesterkin without a rebound.
19:12 of 2nd period - Teemu Hartikainen wins face-off versus Brandon Pirri in Rocket zone.
19:13 of 2nd period - Snap shot by Brock Boeser.
19:13 of 2nd period - Shot Misses the Net.
19:19 of 2nd period - Snap shot by Brock Boeser.
19:19 of 2nd period - Goal by Brock Boeser - Rocket : 3 - Crunch : 3.
19:20 of 2nd period - Teemu Hartikainen wins face-off versus Corey Trivino in neutral zone.
19:31 of 2nd period - Wrist shot by Danton Heinen.
19:31 of 2nd period - Goal by Danton Heinen - Rocket : 4 - Crunch : 3.
19:32 of 2nd period - Christoffer Ehn wins face-off versus Corey Trivino in neutral zone.
19:35 of 2nd period - Wrist shot by Noah Hanifin.
19:35 of 2nd period - Deflect By Brock Boeser.
19:35 of 2nd period - Goal by Brock Boeser - Rocket : 4 - Crunch : 4.
19:36 of 2nd period - Corey Trivino wins face-off versus Christoffer Ehn in neutral zone.
19:43 of 2nd period - Off-side.
19:44 of 2nd period - Christoffer Ehn wins face-off versus Corey Trivino in neutral zone.
19:49 of 2nd period - Slapshot by Noah Hanifin.
19:49 of 2nd period - Stopped by Igor Shesterkin with a rebound.
19:51 of 2nd period - Minor Penalty to Viktor Loov for Holding.
19:52 of 2nd period - Christoffer Ehn wins face-off versus Dominic Turgeon in Rocket zone.
19:53 of 2nd period - Slapshot by Teemu Hartikainen.
19:53 of 2nd period - Shot Blocked by Dylan DeMelo.
19:55 of 2nd period - Slapshot by Jordan Oesterle.
19:55 of 2nd period - Goal by Jordan Oesterle - Rocket : 4 - Crunch : 5.
19:56 of 2nd period - Corey Trivino wins face-off versus Christoffer Ehn in neutral zone.
Goals for this period are 2 for Rocket vs 5 for Crunch.
Shots for this period are 9 for Rocket vs 18 for Crunch.

3rd period


0:01 of 3rd period - Corey Trivino wins face-off versus Christoffer Ehn in neutral zone.
0:26 of 3rd period - Adrian Kempe is hit by Noah Hanifin and loses puck.
0:33 of 3rd period - Slapshot by Danton Heinen.
0:33 of 3rd period - Shot Misses the Net.
0:35 of 3rd period - Slapshot by Andrei Mironov.
0:35 of 3rd period - Deflect By Noah Hanifin.
0:35 of 3rd period - Stopped by Kaapo Kahkonen with a rebound.
0:55 of 3rd period - Matt Roy is hit by Kole Sherwood and loses puck.
1:13 of 3rd period - Minor Penalty to Dean Kukan for Hooking.
1:14 of 3rd period - Dominic Turgeon wins face-off versus Christoffer Ehn in Rocket zone.
1:22 of 3rd period - Andrei Mironov is hit by Christoffer Ehn and loses puck.
1:52 of 3rd period - Off-side.
1:53 of 3rd period - Dalton Smith wins face-off versus Karson Kuhlman in neutral zone.
2:13 of 3rd period - Off-side.
2:14 of 3rd period - Christoffer Ehn wins face-off versus Dominic Turgeon in neutral zone.
2:27 of 3rd period - Snap shot by Teemu Hartikainen.
2:27 of 3rd period - Stopped by Igor Shesterkin with a rebound.
2:29 of 3rd period - Wrist shot by Brock Boeser.
2:29 of 3rd period - Deflect By Teemu Hartikainen.
2:29 of 3rd period - Shot Blocked by Dylan DeMelo.
2:29 of 3rd period - Puck is out of play.
2:30 of 3rd period - Christoffer Ehn wins face-off versus Dominic Turgeon in Rocket zone.
2:33 of 3rd period - Snap shot by Teemu Hartikainen.
2:33 of 3rd period - Shot Misses the Net.
3:03 of 3rd period - Slapshot by Mitch Callahan.
3:03 of 3rd period - Shot Misses the Net.
3:13 of 3rd period - Penalty to Dean Kukan is over, Dean Kukan is back on ice.
3:27 of 3rd period - Wrist shot by Mattias Tedenby.
3:27 of 3rd period - Deflect By Brandon Pirri.
3:27 of 3rd period - Stopped by Kaapo Kahkonen with a rebound.
3:45 of 3rd period - Wrist shot by Peter Holland.
3:45 of 3rd period - Stopped by Kaapo Kahkonen without a rebound.
3:46 of 3rd period - Peter Holland wins face-off versus Christoffer Ehn in Crunch zone.
4:11 of 3rd period - Michael Ferland is hit by Mattias Tedenby and loses puck.
4:49 of 3rd period - Snap shot by Peter Holland.
4:49 of 3rd period - Stopped by Kaapo Kahkonen without a rebound.
4:50 of 3rd period - Connor Bunnaman wins face-off versus Peter Holland in Crunch zone.
4:50 of 3rd period - Connor Bunnaman is hit by Peter Holland.
5:16 of 3rd period - Snap shot by Corey Trivino.
5:16 of 3rd period - Goal by Corey Trivino - Rocket : 5 - Crunch : 5.
5:17 of 3rd period - Brock Boeser wins face-off versus Corey Trivino in neutral zone.
5:25 of 3rd period - Minor Penalty to Brandon Pirri for Roughing.
5:26 of 3rd period - Christoffer Ehn wins face-off versus Ty Rattie in Rocket zone.
5:27 of 3rd period - Wrist shot by Teemu Hartikainen.
5:27 of 3rd period - Stopped by Igor Shesterkin without a rebound.
5:28 of 3rd period - Christoffer Ehn wins face-off versus Dominic Turgeon in Rocket zone.
5:29 of 3rd period - Wrist shot by Teemu Hartikainen.
5:29 of 3rd period - Goal by Teemu Hartikainen - Rocket : 5 - Crunch : 6.
5:30 of 3rd period - Corey Trivino wins face-off versus Christoffer Ehn in neutral zone.
6:05 of 3rd period - Snap shot by Adam Fox.
6:05 of 3rd period - Stopped by Kaapo Kahkonen without a rebound.
6:06 of 3rd period - Peter Holland wins face-off versus Christoffer Ehn in Crunch zone.
6:13 of 3rd period - Wrist shot by Peter Holland.
6:13 of 3rd period - Shot Blocked by Christoffer Ehn.
7:10 of 3rd period - Viktor Loov is hit by Teemu Hartikainen and loses puck.
7:59 of 3rd period - Snap shot by Jiri Sekac.
7:59 of 3rd period - Stopped by Kaapo Kahkonen with a rebound.
8:07 of 3rd period - Slapshot by Adam Fox.
8:07 of 3rd period - Deflect By Dominic Turgeon.
8:07 of 3rd period - Stopped by Kaapo Kahkonen without a rebound.
8:08 of 3rd period - Teemu Hartikainen wins face-off versus Corey Trivino in Crunch zone.
8:13 of 3rd period - Corey Trivino is hit by Max McCormick and loses puck.
8:34 of 3rd period - Noah Hanifin is hit by Adrian Kempe and loses puck.
8:52 of 3rd period - Icing by Mitch Callahan.
8:53 of 3rd period - Dominic Turgeon wins face-off versus Christoffer Ehn in Crunch zone.
9:02 of 3rd period - Noah Hanifin is hit by Dean Kukan and loses puck.
9:17 of 3rd period - Matt Roy is hit by Mattias Tedenby and loses puck.
9:41 of 3rd period - Icing by Sean Walker.
9:42 of 3rd period - Anatoli Golyshev wins face-off versus Peter Holland in Crunch zone.
9:42 of 3rd period - Anatoli Golyshev is hit by Viktor Loov.
9:50 of 3rd period - Snap shot by Danton Heinen.
9:50 of 3rd period - Stopped by Kaapo Kahkonen without a rebound.
9:51 of 3rd period - Corey Trivino wins face-off versus Christoffer Ehn in Crunch zone.
9:52 of 3rd period - Wrist shot by Mattias Tedenby.
9:52 of 3rd period - Deflect By Brandon Pirri.
9:52 of 3rd period - Stopped by Kaapo Kahkonen without a rebound.
9:53 of 3rd period - Corey Trivino wins face-off versus Christoffer Ehn in Crunch zone.
10:00 of 3rd period - Off-side.
10:01 of 3rd period - Corey Trivino wins face-off versus Christoffer Ehn in neutral zone.
10:23 of 3rd period - Snap shot by Teemu Hartikainen.
10:23 of 3rd period - Deflect By Christoffer Ehn.
10:23 of 3rd period - Shot Blocked by Viktor Loov.
10:23 of 3rd period - Puck is out of play.
10:24 of 3rd period - Dalton Smith wins face-off versus Peter Holland in Rocket zone.
10:27 of 3rd period - Snap shot by Mitch Callahan.
10:27 of 3rd period - Stopped by Igor Shesterkin with a rebound.
10:29 of 3rd period - Snap shot by Dalton Smith.
10:29 of 3rd period - Shot Blocked by Peter Holland.
10:31 of 3rd period - Slapshot by Brendan Guhle.
10:31 of 3rd period - Stopped by Igor Shesterkin without a rebound.
10:32 of 3rd period - Peter Holland wins face-off versus Dalton Smith in Rocket zone.
10:32 of 3rd period - Peter Holland is hit by Dalton Smith.
10:47 of 3rd period - Wrist shot by Adrian Kempe.
10:47 of 3rd period - Stopped by Kaapo Kahkonen with a rebound.
10:58 of 3rd period - Minor Penalty to Mitch Callahan for Holding.
10:59 of 3rd period - Corey Trivino wins face-off versus Teemu Hartikainen in Crunch zone.
11:40 of 3rd period - Backhand shot by Adrian Kempe.
11:40 of 3rd period - Shot Blocked by Matt Roy.
12:20 of 3rd period - Wrist shot by Danton Heinen.
12:20 of 3rd period - Stopped by Kaapo Kahkonen without a rebound.
12:21 of 3rd period - Peter Holland wins face-off versus Christoffer Ehn in Crunch zone.
12:34 of 3rd period - Snap shot by Mattias Tedenby.
12:34 of 3rd period - Goal by Mattias Tedenby - Rocket : 6 - Crunch : 6.
12:35 of 3rd period - Dominic Turgeon wins face-off versus Christoffer Ehn in neutral zone.
13:54 of 3rd period - Slapshot by Mattias Tedenby.
13:54 of 3rd period - Stopped by Kaapo Kahkonen without a rebound.
13:55 of 3rd period - Anatoli Golyshev wins face-off versus Peter Holland in Crunch zone.
14:19 of 3rd period - Adam Fox is hit by Mitch Callahan.
14:33 of 3rd period - Minor Penalty to Ty Rattie for Slashing.
14:34 of 3rd period - Dominic Turgeon wins face-off versus Christoffer Ehn in Rocket zone.
14:59 of 3rd period - Viktor Loov is hit by Dalton Smith and loses puck.
16:28 of 3rd period - Dylan DeMelo is hit by Matt Roy and loses puck.
16:33 of 3rd period - Penalty to Ty Rattie is over, Ty Rattie is back on ice.
18:05 of 3rd period - Icing by Sean Walker.
18:06 of 3rd period - Christoffer Ehn wins face-off versus Dominic Turgeon in Crunch zone.
18:06 of 3rd period - Christoffer Ehn is hit by Dominic Turgeon.
18:20 of 3rd period - Sean Walker is hit by Jakub Vrana.
18:24 of 3rd period - Sean Walker is hit by Kole Sherwood and loses puck.
18:30 of 3rd period - Minor Penalty to Kole Sherwood for Interference.
18:31 of 3rd period - Dominic Turgeon wins face-off versus Christoffer Ehn in Rocket zone.
18:41 of 3rd period - Snap shot by Andrei Mironov.
18:41 of 3rd period - Stopped by Kaapo Kahkonen with a rebound.
18:43 of 3rd period - Slapshot by Dylan DeMelo.
18:43 of 3rd period - Deflect By Ty Rattie.
18:43 of 3rd period - Stopped by Kaapo Kahkonen without a rebound.
18:44 of 3rd period - Christoffer Ehn wins face-off versus Dominic Turgeon in Crunch zone.
Goals for this period are 2 for Rocket vs 1 for Crunch.
Shots for this period are 16 for Rocket vs 5 for Crunch.

Overtime #1


0:01 of 1st overtime period - Dominic Turgeon wins face-off versus Teemu Hartikainen in neutral zone.
0:30 of 1st overtime period - Penalty to Kole Sherwood is over, Kole Sherwood is back on ice.
0:39 of 1st overtime period - Slapshot by Dalton Smith.
0:39 of 1st overtime period - Stopped by Igor Shesterkin with a rebound.
1:25 of 1st overtime period - Wrist shot by Adrian Kempe.
1:25 of 1st overtime period - Stopped by Kaapo Kahkonen without a rebound.
1:26 of 1st overtime period - Mitch Callahan wins face-off versus Corey Trivino in Crunch zone.
1:31 of 1st overtime period - Jakub Vrana is hit by Mitch Callahan and loses puck.
2:22 of 1st overtime period - Noah Hanifin is hit by Dean Kukan and loses puck.
Goals for this period are 0 for Rocket vs 0 for Crunch.
Shots for this period are 1 for Rocket vs 1 for Crunch.

ShootOut


5:00 of 1st overtime period - Round #1.
5:00 of 1st overtime period - Rocket, Corey Trivino.
5:00 of 1st overtime period - Backhand shot by Corey Trivino.
5:00 of 1st overtime period - Goal by Corey Trivino.
5:00 of 1st overtime period - Crunch, Teemu Hartikainen.
5:00 of 1st overtime period - Deke by Teemu Hartikainen.
5:00 of 1st overtime period - Goal by Teemu Hartikainen.
5:00 of 1st overtime period - Round #2.
5:00 of 1st overtime period - Rocket, Mattias Tedenby.
5:00 of 1st overtime period - Snap shot by Mattias Tedenby.
5:00 of 1st overtime period - Shot Misses the Net.
5:00 of 1st overtime period - Crunch, Brock Boeser.
5:00 of 1st overtime period - Wrist shot by Brock Boeser.
5:00 of 1st overtime period - Stopped by Igor Shesterkin.
5:00 of 1st overtime period - Round #3.
5:00 of 1st overtime period - Rocket, Brandon Pirri.
5:00 of 1st overtime period - Backhand shot by Brandon Pirri.
5:00 of 1st overtime period - Goal by Brandon Pirri.
5:00 of 1st overtime period - Crunch, Christoffer Ehn.
5:00 of 1st overtime period - Wrist shot by Christoffer Ehn.
5:00 of 1st overtime period - Goal by Christoffer Ehn.
5:00 of 1st overtime period - Round #4.
5:00 of 1st overtime period - Rocket, Adrian Kempe.
5:00 of 1st overtime period - Wrist shot by Adrian Kempe.
5:00 of 1st overtime period - Goal by Adrian Kempe.
5:00 of 1st overtime period - Crunch, Michael Ferland.
5:00 of 1st overtime period - Deke by Michael Ferland.
5:00 of 1st overtime period - Goal by Michael Ferland.
5:00 of 1st overtime period - Round #5.
5:00 of 1st overtime period - Rocket, Danton Heinen.
5:00 of 1st overtime period - Snap shot by Danton Heinen.
5:00 of 1st overtime period - Goal by Danton Heinen.
5:00 of 1st overtime period - Crunch, Jordan Oesterle.
5:00 of 1st overtime period - Snap shot by Jordan Oesterle.
5:00 of 1st overtime period - Shot Misses the Net.